 Dungeon Crawl Stone Soup version 0.29.1-12-g30fa7ad0bf (webtiles) character file.

Game seed: 12041892171667147026

1561 wormed the Destroyer (level 8, -5/52 HPs)
             Began as a Demonspawn Conjurer on Dec 27, 2022.
             Slain by Edmund
             ... wielding a +1 vorpal dire flail
              (6 damage)
             ... on level 6 of the Dungeon.
             The game lasted 00:16:22 (10081 turns).

wormed the Destroyer (Demonspawn Conjurer)         Turns: 10081, Time: 00:16:23

Health: -5/52      AC:  6    Str:  8    XL:     8   Next: 58%
Magic:  1/14       EV: 12    Int: 22    God:
Gold:   288        SH:  0    Dex: 11    Spells: 4/15 levels left

rFire   . . .      SeeInvis .   s - +2 hand axe (distort)
rCold   . . .      Faith    .   (no shield)
rNeg    . . .      Spirit   .   a - +0 robe
rPois   .          Reflect  .   (no helmet)
rElec   .          Harm     .   (no cloak)
rCorr   .          Rampage  .   (no gloves)
Will    .....                   o - +0 pair of boots
Stlth   ++........              (no amulet)
HPRegen 0.17/turn               (no ring)
MPRegen 0.14/turn               (no ring)

@: hasted, invisible, very quick
A: thin metallic scales 2, weakness stinger 2
a: no special abilities


You were on level 6 of the Dungeon.
You visited 1 branch of the dungeon, and saw 6 of its levels.

You collected 288 gold pieces.

Inventory:

Hand Weapons
 c - a +0 whip
 s - a +2 hand axe of distortion (weapon)
Armour
 a - a +0 robe (worn)
 h - an orb of guile
 o - a +0 pair of boots (worn)
 t - a +0 buckler
Wands
 u - a wand of iceblast (4)
 y - a wand of mindburst (4)
Scrolls
 e - 3 scrolls of fear {unknown}
 f - 2 scrolls of fog {unknown}
 g - a scroll of brand weapon {unknown}
 j - a scroll of blinking {unknown}
 l - a scroll of immolation {unknown}
 q - 3 scrolls of poison {unknown}
 r - 3 scrolls of teleportation
 w - a scroll of enchant armour {unknown}
Potions
 b - 2 potions of berserk rage
 d - 2 potions of lignification
 k - 3 potions of mutation
 m - a potion of curing {unknown}
 n - a potion of invisibility
 p - a potion of cancellation {unknown}
 v - a potion of flight {unknown}
 x - a potion of attraction {unknown}


   Skills:
 - Level 2.0 Dodging
 - Level 2.0 Stealth
 + Level 3.7 Shields
 - Level 4.0 Spellcasting
 - Level 10.0 Conjurations


You had 4 spell levels left.
You knew the following spells:

 Your Spells              Type           Power      Damage    Failure   Level
a - Magic Dart            Conj           100%       1d8       1%          1
b - Searing Ray           Conj           96%        2d7       1%          2
c - Fulminant Prism       Conj/Hex       13%        3d9       14%         4
d - Iskenderun's Mystic   Conj/Tloc      26%        2d7       14%         4

Your spell library contained the following spells:

 Spells                   Type           Power      Damage    Failure   Level
 Dazzling Flash           Conj/Hex       52%        N/A       4%          3
 Apportation              Tloc           8%         N/A       11%         1
 Poisonous Vapours        Pois/Air       8%         N/A       17%         2
 Portal Projectile        Hex/Tloc       8%         N/A       32%         3
 Tukima's Dance           Hex            4%         N/A       32%         3
 Summon Ice Beast         Ice/Summ       4%         N/A       73%         4
 Blade Hands              Tmut           2%         N/A       97%         5
 Summon Mana Viper        Hex/Summ       4%         N/A       97%         5
 Monstrous Menagerie      Summ           2%         N/A       100%        7


Dungeon Overview and Level Annotations

Branches:
Dungeon (6/15)
 Temple: D:4-7

Altars:
Fedhas
Nemelex Xobeh
Sif Muna

Annotations:
D:6 Edmund


Innate Abilities, Weirdness & Mutations

You are mostly covered in thin metallic scales. (AC +3)
You have a tail ending in a sharp stinger.


Message History

Edmund is heavily wounded. (Press . to maintain the ray.)
The searing ray hits Edmund.
Edmund is severely wounded.
Edmund drinks a potion.
Edmund goes berserk!
The searing ray hits Edmund!
Edmund is severely wounded.
The searing ray hits Edmund.
Edmund is severely wounded.
You finish channelling your searing ray.
Edmund barely misses you.
Edmund hits you with a +1 vorpal dire flail!
Casting: Searing Ray (safe; 1% risk of failure)
Confirm with . or Enter, or press ? or * to list all spells.
Aiming: Searing Ray (safe; 1% risk of failure)
Press: ? - help, Shift-Dir - straight line, p - Edmund The searing ray hits Edmund.
Edmund is severely wounded. (Press . to maintain the ray.) Edmund barely misses you.
Casting: Searing Ray (safe; 1% risk of failure)
Confirm with . or Enter, or press ? or * to list all spells.
The spell is quite dangerous to miscast (14% risk of failure)!
Continue anyway? [Y]es or [N]o only, please.
The spell is quite dangerous to miscast (14% risk of failure)!
Continue anyway?
You erupt in a blast of force!
The mystic blast hits Edmund.
Edmund is almost dead.
Edmund is knocked back by the mystic blast.
Edmund attacks as you move away! Edmund completely misses you.
Edmund attacks as you move away!
Edmund hits you with a +1 vorpal dire flail!! x2
* * * LOW HITPOINT WARNING * * *
x2
Casting: Iskenderun's Mystic Blast (quite dangerous; 14% risk of failure)
Confirm with . or Enter, or press ? or * to list all spells.
You don't have enough magic to cast this spell.
You fade into invisibility!
Edmund misses you.
You feel yourself speed up. Edmund barely misses you.
Edmund hits you with a +1 vorpal dire flail.
You die...

....... #
#############.......# #
#....................########
#.#.....§§.................c#
.....≈≈§§§...#######.....>...
...≈..§§§.§≈§.# #........#
...≈≈.....§§§.# ###..#####
......._....@.# ##.## #
#..≈≈.....§≈@.# ##..# #
#..≈..§.≈.§≈..# ####.)## ###
##...≈≈.≈≈...## #....## ##..
##.........## #.#### ##...
#######...# ##(# ##.... ##.##
#..# #..#.. #..# #.##
####..... #.## #.# #........
#.######.# ##........


You could see Edmund (berserk, unable to see you).

Vanquished Creatures
  A sky beast (D:6)
  A black bear (D:6)
  An ice beast (D:5)
  A centaur (D:6)
  A bullfrog (D:5)
  4 scorpions
  3 wights
  A howler monkey (D:5)
  A gnoll bouda (D:5)
  4 orc priests
  2 hounds
  An iguana (D:4)
  8 orc wizards
  3 gnolls (D:5)
  7 adders
  A shadow imp (D:5)
  2 white imps (D:6)
  2 ufetubi (D:5)
  9 worms
  3 dart slugs
  25 orcs
  3 bats (D:1)
  7 endoplasms
  3 giant cockroaches
  7 hobgoblins
  11 jackals
  12 kobolds
  5 quokkas
  8 ball pythons
  A frilled lizard (D:3)
  8 goblins
  9 rats
155 creatures vanquished.

Vanquished Creatures (others)
  4 fulminant prisms (D:6)
  9 plants (D:1)
13 creatures vanquished.

Grand Total: 168 creatures vanquished

Notes
Turn   | Place    | Note
-------+----------+-------------------------------------------
     0 | D:1      | wormed the Demonspawn Conjurer began the quest for the Orb.
     0 | D:1      | Reached XP level 1. HP: 13/13 MP: 3/3
   252 | D:1      | Gained mutation: You are partially covered in thin metallic
                  | scales. (AC +2) [demonic ancestry]
   252 | D:1      | Reached XP level 2. HP: 19/19 MP: 0/5
   328 | D:1      | Learned a level 2 spell: Searing Ray
   896 | D:1      | Reached XP level 3. HP: 24/24 MP: 3/6
  2107 | D:2      | Found a blossoming altar of Fedhas.
  2200 | D:2      | Reached skill level 5 in Conjurations
  2296 | D:2      | Found a faded altar of an unknown god.
  2386 | D:2      | Gained mutation: You are mostly covered in thin metallic
                  | scales. (AC +3) [demonic ancestry]
  2386 | D:2      | Reached XP level 4. HP: 30/30 MP: 4/8
  3409 | D:3      | Learned a level 4 spell: Fulminant Prism
  3825 | D:3      | Gained mutation: You have a small tail. [demonic ancestry]
  3825 | D:3      | Reached XP level 5. HP: 35/35 MP: 4/9
  4780 | D:4      | Reached skill level 6 in Conjurations
  5129 | D:4      | Gained mutation: You have a tail ending in a sharp stinger.
                  | [demonic ancestry]
  5129 | D:4      | Reached XP level 6. HP: 41/41 MP: 3/11
  5278 | D:4      | Learned a level 4 spell: Iskenderun's Mystic Blast
  5773 | D:4      | Found a shimmering blue altar of Sif Muna.
  5893 | D:5      | Entered Level 5 of the Dungeon
  5893 | D:5      | Noticed an ice beast
  6034 | D:4      | Reached skill level 7 in Conjurations
  6367 | D:5      | Reached XP level 7. HP: 24/46 MP: 7/13
  6882 | D:5      | Reached skill level 8 in Conjurations
  7111 | D:5      | Identified the +0 plate armour of Ignis's Wrath {Rampage
                  | rC+}
  7806 | D:5      | Reached skill level 9 in Conjurations
  8078 | D:6      | Reached XP level 8. HP: 52/52 MP: 9/14
  9551 | D:6      | Reached skill level 10 in Conjurations
  9551 | D:6      | Reached skill level 1 in Shields
  9611 | D:6      | Got Inaimepi's Handbook of the Filthy Jaunt
 10017 | D:6      | Found a sparkling altar of Nemelex Xobeh.
 10066 | D:6      | Noticed Edmund
 10079 | D:6      | HP: 2/52 [Edmund/+1 vorpal dire flail (18)]
 10081 | D:6      | Slain by Edmund

Illustrated notes

Levels and vault maps discovered:
D:1:      minmay_arrival_four_circles, layout_loops_ring, serial_bayou,
          serial_bayou_pond_e, serial_bayou_ford_a, serial_bayou_pond_d,
          serial_bayou_lagoon_b
D:2:      minmay_wonky_spiral, layout_basic, shapermc_ecumenical_altar_ellora,
          basic_altar, minmay_close_crescents
D:3:      layout_loops_cross
D:4:      layout_basic, led_sif_pool, roderic_lattice_a
D:5:      layout_loops_corners, nicolae_concentric_dashed_squares_wild,
          nicolae_fountain_basement
D:6:      layout_rooms, mainiacjoe_overflow_small_starburst, uniq_edmund

Skill      XL: |  1  2  3  4  5  6  7  8 |
---------------+-------------------------+-----
Stealth        | 2 |  2.0
Dodging        | 2 |  2.0
Conjurations   | 5 6 7 9 10 | 10.0
Spellcasting   | 3 4 |  4.0
Shields        | 3 |  3.7

Action                   |  1- 3 |  4- 6 |  7- 9 || total
-------------------------+-------+-------+-------++-------
Melee: Whip              |     4 |     2 |       ||     6
       Hand axe          |       |     4 |     7 ||    11
       Tailslap          |       |       |     1 ||     1
 Cast: Magic Dart        |    30 |    28 |     8 ||    66
       Searing Ray       |    32 |    49 |    31 ||   112
       Iskenderun's Myst |       |       |     4 ||     4
       Fulminant Prism   |       |       |     4 ||     4
  Use: Scroll            |       |       |     4 ||     4
       Potion            |       |       |     3 ||     3
Armor: Robe              |     7 |     5 |    10 ||    22
Dodge: Dodged            |    15 |    17 |    44 ||    76
